 Seeded DCSS version 0.27.1-33-g824d729ab1 (webtiles) character file.

Game seed: 9843893202750201124 (custom seed)

3761 pkoi the Grappler (level 9, 0/67 HPs)
             Began as a Grey Draconian Warper on Dec 29, 2021.
             Was an Initiate of Gozag.
             Slain by a cyan ugly thing (12 damage)
             ... on level 8 of the Dungeon.
             The game lasted 00:10:31 (7041 turns).

pkoi the Grappler (Grey Draconian Warper)           Turns: 7041, Time: 00:10:32

Health: 0/67       AC: 15    Str: 13    XL:     9   Next: 94%
Magic:  12/12      EV: 12    Int: 16    God:    Gozag
Gold:   108        SH:  0    Dex: 12    Spells: 0/12 levels left

rFire    . . .     SeeInvis .     - Unarmed
rCold    . . .     Faith    .   (no shield)
rNeg     + . .     Spirit   .   (armour unavailable)
rPois    +         Reflect  .   (helmet restricted)
rElec    .         Harm     .   t - +0 cloak
rCorr    .         Rampage  .   m - +1 pair of gloves
Will     .....                  (no boots)
Stlth    +.........             J - macabre finger necklace {rN+}
HPRegen  0.21/turn              e - +4 ring of slaying
MPRegen  0.13/turn              D - ring of wizardry
                                K - ring of poison resistance

@: mighty, brilliant, flying
A: AC +12, amphibious, unfitting armour, cold-blooded
a: Renounce Religion, Potion Petition, Call Merchant, Bribe Branch


You were on level 8 of the Dungeon.
You worshipped Gozag.
Gozag was aware of your devotion.
You visited 2 branches of the dungeon, and saw 10 of its levels.

You collected 1365 gold pieces.
You spent 810 gold pieces at shops.
You paid 447 gold pieces to Gozag.

Inventory:

Hand Weapons
 f - a +1 dagger of electrocution
Missiles
 b - 4 boomerangs of dispersal
 r - a throwing net
 z - 11 boomerangs
 C - 19 poisoned darts
Armour
 m - a +1 pair of gloves (worn)
 t - a +0 cloak (worn)
Jewellery
 e - a +4 ring of slaying (left hand)
 s - an amulet of regeneration
 w - an amulet of reflection
 D - a ring of wizardry (right hand)
 J - the macabre finger necklace (around neck) {rN+}
   (You bought it in a shop on level 9 of the Dungeon)

   [amulet of nothing]

   It enables you to equip an extra ring.
   rN:        It protects you from negative energy.
 K - a ring of poison resistance (on amulet)
Wands
 L - a wand of charming (7)
Scrolls
 a - a scroll of blinking
 d - a scroll of fog {unknown}
 h - 6 scrolls of identify {unknown}
 i - a scroll of summoning {unknown}
 j - 5 scrolls of teleportation {unknown}
 q - 3 scrolls of enchant weapon {unknown}
 u - a scroll of acquirement {unknown}
 v - a scroll of noise {unknown}
 x - a scroll of torment {unknown}
 y - a scroll of brand weapon {unknown}
Potions
 c - 6 potions of curing
 g - 3 potions of haste
 k - 3 potions of heal wounds {unknown}
 l - a potion of attraction {unknown}
 n - a potion of berserk rage {unknown}
 o - a potion of resistance {unknown}
 p - a potion of mutation {unknown}
 A - 2 potions of ambrosia {unknown}
 B - a potion of invisibility {unknown}
 E - 2 potions of lignification {unknown}
 F - a potion of degeneration {unknown}


   Skills:
 - Level 2.1 Fighting
 - Level 0.8 Throwing
 - Level 2.1 Dodging
 + Level 9.9 Unarmed Combat
 + Level 2.0 Spellcasting
 + Level 9.1 Translocations
 + Level 6.0 Transmutations


You couldn't memorise any spells.
You knew the following spells:

 Your Spells              Type           Power      Damage    Failure   Level
a - Blink                 Tloc           N/A        N/A       1%          2
b - Gell's Gravitas       Tloc           23%        N/A       1%          3
c - Wereblood             Tmut           31%        N/A       1%          2
d - Manifold Assault      Tloc           46%        N/A       6%          5

Your spell library contained the following spells:

 Spells                   Type           Power      Damage    Failure   Level
 Beastly Appendage        Tmut           62%        N/A       1%          1
 Lesser Beckoning         Tloc           23%        N/A       1%          3
 Teleport Other           Tloc           46%        N/A       1%          3
 Portal Projectile        Hex/Tloc       48%        N/A       4%          3
 Spider Form              Tmut/Pois      8%         N/A       8%          3
 Corona                   Hex            2%         N/A       9%          1
 Shock                    Conj/Air       8%         1d3       9%          1
 Ensorcelled Hibernation  Hex/Ice        4%         N/A       12%         2
 Blade Hands              Tmut           15%        N/A       19%         5
 Frozen Ramparts          Ice            4%         1d2       24%         3
 Swiftness                Air            2%         N/A       24%         3
 Tukima's Dance           Hex            2%         N/A       24%         3
 Ice Form                 Ice/Tmut       16%        N/A       24%         4
 Airstrike                Air            1%         N/A       58%         4
 Summon Ice Beast         Ice/Summ       2%         N/A       58%         4
 Excruciating Wounds      Necr           1%         N/A       89%         5
 Fireball                 Conj/Fire      1%         3d3       89%         5
 Iskenderun's Battlesphe  Conj           2%         2d6       89%         5
 Conjure Ball Lightning   Conj/Air       1%         3x3d6     100%        6
 Orb of Destruction       Conj           1%         N/A       100%        7


Dungeon Overview and Level Annotations

Branches:
Dungeon (9/15)             Temple (1/1) D:7            Lair (0/6) D:8
    Orc: D:9-12

Altars:
Ashenzari
Cheibriados
Dithmenos
Elyvilon
Gozag
Hepliaklqana
Kikubaaqudgha
Makhleb
Nemelex Xobeh
Okawaru
Qazlal
Trog
Uskayaw
Vehumet
Wu Jian
Xom
Yredelemnul
Zin
The Shining One
Lugonu

Shops:
D:2 *   D:3 (   D:9 =

Annotations:
D:5 Blork the orc


Innate Abilities, Weirdness & Mutations

Your dull iron-grey scales are very hard. (AC +12)
You are amphibious.
You cannot fit into any form of body armour.
You are cold-blooded and may be slowed by cold attacks.


Message History

There are monsters nearby!
There are monsters nearby!
You see here a +0 short sword.
There is an escape hatch in the ceiling here.
The cyan ugly thing closely misses you. A mysterious force pulls you upwards.
The hatch slams shut behind you.
Things that are here:
a +0 leather armour; a +0 dagger It was a potion of magic.
Magic courses through your body. The cyan ugly thing pecks you.
The cyan ugly thing shocks you!
It was a potion of flight.
You feel very buoyant.
You fly up into the air.
The cyan ugly thing misses you.
It was a potion of brilliance.
You feel clever all of a sudden. The cyan ugly thing closely misses you.
It was a potion of might.
You feel very mighty all of a sudden.
The cyan ugly thing pecks you but does no damage.
You barely miss the cyan ugly thing. The cyan ugly thing pecks you.
The cyan ugly thing shocks you!
* * * LOW HITPOINT WARNING * * *
You punch the cyan ugly thing!
The cyan ugly thing is moderately wounded.
You punch the cyan ugly thing!
The cyan ugly thing is heavily wounded.
The cyan ugly thing pecks you but does no damage.
You punch the cyan ugly thing! Your punch misses the cyan ugly thing.
The cyan ugly thing is heavily wounded.
The cyan ugly thing pecks you.
* * * LOW HITPOINT WARNING * * *
The cyan ugly thing shocks you!
* * * LOW HITPOINT WARNING * * *
You punch the cyan ugly thing!
The cyan ugly thing is severely wounded.
The cyan ugly thing pecks you.
* * * LOW HITPOINT WARNING * * *
The cyan ugly thing shocks you!
You die...
Your body crumbles into a pile of gold.

#...............##...####
#...............#######..
#..##.#...#...#.........#
##...#.#.####..###########
#...##......#..#####
#...#..[...........#
########......._..+...###.#####
.<..........#)..u.##..#
#.#...###
####.####..##..[@.#...#
#.#...... # #.......#.#..[#....#
#.#...### #
#..##...####..#.#..###.##.##
####..###.................##.##
......................#####...##
####..######............)).....#
.................##.....))#....#
####..######....#########.##.#.#
####....# #.#### ##.##.#.##


You could see a cyan ugly thing.

Vanquished Creatures
  An unseen horror (D:7)
  Sigmund (D:3)
  2 wyverns
  An acid dragon (D:8)
  A black bear (D:5)
  2 orc warriors
  A sky beast (D:5)
  A necrophage (D:5)
  An ogre (D:3)
  2 centaurs
  A phantom (D:5)
  A kobold brigand (D:6)
  A bullfrog (D:7)
  A water moccasin zombie (D:5)
  5 killer bees (D:8)
  3 wights (D:9)
  2 howler monkeys (D:7)
  A crimson imp (D:8)
  2 centaur zombies
  3 centaur skeletons
  2 jellies
  4 hounds
  3 orc priests
  4 bullfrog skeletons
  Terence (D:2)
  Jessica (D:3)
  2 iguanas
  Natasha (twice) (D:3)
  7 orc wizards
  A killer bee zombie (D:7)
  2 hound skeletons
  8 gnolls (D:3)
  A howler monkey skeleton (D:6)
  8 adders
  A shadow imp (D:7)
  An ufetubus (D:6)
  3 worms
  3 dart slugs
  35 orcs
  6 endoplasms
  5 giant cockroaches
  5 goblins
  6 hobgoblins
  10 jackals
  2 quokkas (D:2)
  9 ball pythons
  3 bats
  2 frilled lizards
  A goblin zombie (D:8)
  3 hobgoblin zombies (D:8)
  12 kobolds
  A kobold skeleton (D:8)
  2 kobold zombies (D:8)
  2 orc skeletons (D:8)
  An orc zombie (D:8)
  6 rats
198 creatures vanquished.

Vanquished Creatures (others)
  A plant (D:7)
1 creature vanquished.

Grand Total: 199 creatures vanquished

Notes
Turn   | Place    | Note
-------+----------+-------------------------------------------
     0 | D:1      | pkoi the Draconian Warper began the quest for the Orb.
     0 | D:1      | Reached XP level 1. HP: 17/17 MP: 3/3
   175 | D:1      | Reached XP level 2. HP: 23/24 MP: 5/5
   444 | D:1      | Found a faded altar of an unknown god.
   654 | D:2      | Reached XP level 3. HP: 29/29 MP: 6/6
   762 | D:2      | Found Imomiss's General Store.
  1015 | D:2      | Reached XP level 4. HP: 36/36 MP: 7/7
  1026 | D:2      | Noticed Terence
  1050 | D:2      | Killed Terence
  1451 | D:3      | Learned a level 2 spell: Blink
  1455 | D:3      | Learned a level 3 spell: Gell's Gravitas
  1489 | D:3      | Reached skill level 5 in Unarmed Combat
  1565 | D:3      | Found a stormy altar of Qazlal.
  1669 | D:3      | Reached XP level 5. HP: 26/41 MP: 8/8
  1931 | D:3      | Noticed Sigmund
  1961 | D:3      | Killed Sigmund
  1962 | D:3      | Reached XP level 6. HP: 35/48 MP: 9/9
  2088 | D:3      | Found an opulent altar of Gozag.
  2097 | D:3      | Noticed Natasha
  2099 | D:3      | Became a worshipper of Gozag Ym Sagoz the Greedy
  2105 | D:3      | Killed Natasha
  2114 | D:3      | Noticed Natasha
  2119 | D:3      | Killed Natasha
  2132 | D:3      | Found Xacupp's Antique Weapon Shoppe.
  2139 | D:3      | Reached skill level 5 in Translocations
  2189 | D:3      | Your scales start taking on a dull iron-grey colour.
  2189 | D:3      | Reached XP level 7. HP: 52/55 MP: 10/10
  2234 | D:3      | Found a basalt altar of Yredelemnul.
  2350 | D:3      | Found a snail-covered altar of Cheibriados.
  2387 | D:3      | Noticed Jessica
  2392 | D:3      | Killed Jessica
  2444 | D:3      | Found an ornate altar of the Wu Jian Council.
  2444 | D:3      | Found an iron altar of Okawaru.
  2920 | D:4      | You fall into a shaft and drop 1 floor!
  2920 | D:5      | Entered Level 5 of the Dungeon
  3428 | D:5      | Reached XP level 8. HP: 61/61 MP: 11/11
  3609 | D:5      | Learned a level 2 spell: Wereblood
  3618 | D:5      | Found Zin's Purification Station.
  3635 | D:5      | Reached skill level 1 in Transmutations
  3637 | D:5      | Found a glowing silver altar of Zin.
  3700 | D:5      | Bought a potion of curing for 90 gold pieces
  3928 | D:5      | Noticed Blork the orc
  4490 | D:6      | Found a radiant altar of Vehumet.
  4721 | D:6      | Reached XP level 9. HP: 67/67 MP: 12/12
  5061 | D:7      | Found a staircase to the Ecumenical Temple.
  5078 | Temple   | Entered the Ecumenical Temple
  5137 | D:7      | Found a bloodstained altar of Trog.
  5285 | D:7      | Killed an unseen horror
  5373 | D:7      | Found a hazy altar of Hepliaklqana.
  6001 | D:8      | Reached skill level 5 in Transmutations
  6119 | D:8      | Found a glowing golden altar of the Shining One.
  6401 | D:8      | Found a staircase to the Lair.
  6873 | D:9      | Bought the macabre finger necklace {rN+} for 480 gold
                  | pieces
  6873 | D:9      | Found the macabre finger necklace {rN+}
  6883 | D:9      | Bought a ring of poison resistance for 240 gold pieces
  6934 | D:9      | Learned a level 5 spell: Manifold Assault
  6995 | D:9      | Noticed a two-headed ogre
  6995 | D:9      | Noticed a cyan ugly thing
  7041 | D:8      | Slain by a cyan ugly thing

Illustrated notes

Levels and vault maps discovered:
D:1:      dpeg_arrival_windows_large_door, layout_rooms,
          chequers_ecumenical_altar_simple
D:2:      layout_basic, serial_shops, nicolae_square_shop, uniq_terence
D:3:      layout_basic, lemuel_round_altar, grunt_qazlal_clouds,
          nicolae_gozag_seed_capital, marbit_many_paths,
          gammafunk_temple_overflow_statue, serial_shops,
          nicolae_shop_competitors_out_of_business, minmay_checkerbox,
          uniq_jessica, uniq_natasha, uniq_sigmund
D:4:      layout_cave_pools, minmay_quantized
D:5:      layout_rooms, zin_purify, tgw_sif
D:6:      layout_gridville, fiery_altar_vehumet
D:7:      layout_loops_corners, mainiacjoe_overflow_catwalk,
          mainiacjoe_overflow_chevrons, minmay_temple_entry_tees
D:8:      layout_loops_ring, nicolae_tso_besieged_by_evil, lair_entry_dummy
D:9:      layout_loops_ring, fedhas_bush_and_centaur_altar,
          mainiacjoe_overflow_alcove_2, kennysheep_just_a_vault
Temple:   corrupted_temple

Skill      XL: |  1  2  3  4  5  6  7  8  9 |
---------------+----------------------------+-----
Unarmed Combat | 3 4 5 6 7 8 9 |  9.9
Translocations | 4 5 6 7 9 |  9.1
Transmutations | 3 6 |  6.0
Fighting       | |  2.1
Throwing       | |  0.8
Dodging        | |  2.1
Spellcasting   | |  2.0

Action                   |  1- 3 |  4- 6 |  7- 9 || total
-------------------------+-------+-------+-------++-------
Melee: Unarmed           |    18 |       |   417 ||   435
       Dagger            |    59 |    75 |     1 ||   135
       Tailslap          |     6 |     9 |    48 ||    63
       Punch             |       |     1 |     9 ||    10
Throw: Boomerang         |     1 |       |       ||     1
 Cast: Gell's Gravitas   |       |       |    10 ||    10
       Wereblood         |       |       |    10 ||    10
Invok: Call Merchant     |       |       |     1 ||     1
  Use: Potion            |       |       |     4 ||     4
 Stab: Distracted        |       |       |     3 ||     3
       Sleeping          |       |       |     1 ||     1
Armor: Skin              |    30 |    25 |   214 ||   269
Dodge: Dodged            |    61 |    34 |   230 ||   325
